AoeStats
← 河北彩花

Arena

507686727Analyzed
4v4 RM · 14d ago on Sep 19, 2026· 40m 22s· 8 players
Game mode
Random Map
Map size
Large (8 player)
Population
200
Speed
Normal
Resources
Standard
Victory
Conquest
Starting age
Dark Age
Ending age
Imperial Age
RankedLock teamsTeams togetherTeam positionsShared explorationLock speedFull tech treeHidden civsTurbo modeCheats
Victory
Defeat
🇨🇳 Poles · China
1251
+15
🇪🇸 Turks · Spain
1239
+15
🇹🇷 Persians · Türkiye
1212
+16
🇹🇷 Inca · Türkiye
1203
+17
🇮🇳 Mongols · India
1294
-19
🇨🇳 Celts · China
1212
-15
🇦🇷 Malay · Argentina
1199
-15
🇲🇴 Cumans · Macao SAR China
1183
-14
Pos3YDoN86
3:19 Loom
11:43 Feudal Age
16:20 Castle Age
22:50 Imperial Age
21:27 Gold Mining
21:23 Double-Bit Axe
21:21 Horse Collar
Vantokk
10:25 Feudal Age
13:59 Castle Age
11:51 Double-Bit Axe
12:32 Horse Collar
15:14 Heavy Plow
16:30 Bow Saw
16:23 Loom
24:04 Wheelbarrow
23:31 Stone Mining
23:35 Gold Mining
24:23 Scale Barding Armor
24:33 Forging
25:15 Hand Cart
24:46 Town Watch
25:08 Husbandry
25:47 Bloodlines
28:37 Gold Shaft Mining
28:38 Stone Shaft Mining
28:53 Chain Barding Armor
32:18 Iron Casting
35:56 Imperial Age
35:48 Cavalier
37:05 Plate Barding Armor
37:30 Blast Furnace
37:02 Conscription
38:34 Two-Man Saw
38:05 Crop Rotation
37:12 Savar
38:10 Kamandaran
38:28 Thumb Ring
37:44 Crossbowman
虾仁
10:42 Feudal Age
16:16 Castle Age
14:29 Double-Bit Axe
14:27 Horse Collar
15:22 Stone Mining
16:32 Loom
17:22 Wheelbarrow
18:15 Bow Saw
18:08 Heavy Plow
24:11 Gold Mining
29:02 Imperial Age
28:17 Hand Cart
28:16 Szlachta Privileges
28:23 Forging
28:19 Scale Barding Armor
28:44 Bloodlines
29:22 Chain Barding Armor
29:39 Iron Casting
29:29 Husbandry
31:34 Blast Furnace
31:01 Conscription
30:25 Cavalier
39:42 Stone Shaft Mining
sweetyboy
9:25 Feudal Age
13:35 Castle Age
12:44 Double-Bit Axe
12:43 Horse Collar
22:44 Bow Saw
22:42 Heavy Plow
24:53 Wheelbarrow
24:38 Pikeman
27:53 Imperial Age
25:19 Champi Runner
26:45 Forging
26:35 Scale Mail Armor
26:07 Champi Warrior
28:23 Iron Casting
28:08 Capped Ram
29:42 Chain Mail Armor
28:48 Elite Champi Warrior
29:39 Elite Champi Warrior
32:32 Crop Rotation
31:51 Pikeman
32:31 Squires
34:02 Blast Furnace
33:32 Plate Mail Armor
33:52 Conscription
34:13 Halberdier
36:10 Gold Mining
36:41 Fletching
38:47 Fabric Shields
39:35 Arson
41:09 Gold Shaft Mining
河北彩花
0:39 Loom
10:29 Feudal Age
12:04 Wheelbarrow
13:06 Wheelbarrow
12:36 Double-Bit Axe
13:09 Horse Collar
21:06 Castle Age
19:52 Gold Mining
19:57 Stone Mining
20:59 Bloodlines
21:40 Fletching
22:41 Hand Cart
23:18 Bow Saw
22:58 Town Watch
23:46 Scale Barding Armor
25:50 Heavy Plow
28:12 Gold Shaft Mining
31:50 Bodkin Arrow
31:56 Padded Archer Armor
32:15 Thumb Ring
35:22 Imperial Age
33:20 Chain Barding Armor
32:23 Light Cavalry
33:45 Steppe Husbandry
34:28 Leather Archer Armor
34:24 Forging
34:53 Ballistics
38:37 Elite Kipchak
Hyderabad (Ind)
12:09 Feudal Age
17:02 Castle Age
15:35 Gold Mining
15:26 Horse Collar
15:34 Double-Bit Axe
17:50 Bloodlines
19:30 Heavy Plow
19:50 Stone Mining
23:21 Gold Shaft Mining
24:15 Fervor
23:55 Loom
24:54 Town Watch
25:53 Wheelbarrow
27:20 Hand Cart
28:30 Stone Shaft Mining
31:27 Imperial Age
28:55 Fletching
29:19 Masonry
29:11 Padded Archer Armor
29:25 Forging
29:38 Bodkin Arrow
29:51 Scale Barding Armor
30:52 Iron Casting
30:40 Ballistics
30:44 Nomads
31:18 Leather Archer Armor
31:23 Chain Barding Armor
31:07 Husbandry
32:54 Conscription
33:17 Hoardings
32:44 Bracer
34:34 Chemistry
33:47 Thumb Ring
33:04 Capped Ram
34:04 Bow Saw
35:00 Blast Furnace
35:19 Parthian Tactics
34:41 Heavy Camel Rider
38:33 Elite Mangudai
Chongyass
10:34 Feudal Age
15:04 Castle Age
13:18 Double-Bit Axe
14:15 Loom
14:37 Gold Mining
32:40 Horse Collar
36:51 Fortified Wall
Lechugamer
9:11 Feudal Age
8:58 Horse Collar
12:40 Double-Bit Axe
13:57 Loom
16:48 Castle Age
20:39 Wheelbarrow
20:28 Stone Mining
23:25 Bow Saw
30:27 Imperial Age
28:45 Scale Barding Armor
28:54 Forging
28:24 Pikeman
29:20 Halberdier
30:31 Conscription
30:26 Heavy Plow
31:33 Fletching
33:18 Iron Casting
33:00 Gold Mining
33:42 Hand Cart
34:40 Elite Battle Elephant
36:25 Blast Furnace
37:05 Squires
38:16 Bodkin Arrow
39:25 Chemistry
38:50 Forced Levy
38:19 Man-at-Arms
Connection lost

Rejoining the realm…

Still unreachable

The connection could not be restored.

Session expired

The server has moved on; the page needs a fresh start.